cohdb
Replays
Latest Replays
All Replays
Popular Replays
Top Player Replays
Match Explorer
How It Works
Community
CoH3 Stats
Reddit
Sign in to upload your games and track your stats! →
Sign in with Steam
Match 29319266
Unlisted
Match 29319266
Overview
Messages
Build Orders
End
Construct Infanterie Kompanie
Selects Italian Coastal Battlegroup
Selects Coastal Reserves
Coastal Reserve
MG 42 Machine Gun Team
Coastal Reserve
Coastal Reserve
Selects Support Bunkers
Medical Bunker
Medical Bunker
Selects Artillery Officer
MG 42 Bunker
Selects Designated Artillery Overwatch
Construct Panzergrenadier Kompanie
MG 42 Bunker
Support Elements
Selects Bulwark
StuG III G Assault Gun
MG 42 Bunker
Nebelwerfer 42 Rocket Launcher Team
Pioneer Squad
MG 42 Bunker
MG 42 Bunker
Designated Artillery Overwatch
Selects Obice da 210/22 Artillery Emplacement
Designated Artillery Overwatch
MG 42 Bunker
MG 42 Bunker
Coastal Reserve
Designated Artillery Overwatch
Designated Artillery Overwatch
MG 42 Bunker
Designated Artillery Overwatch
∞ | Mèo Múp
ProxyFox
Dark Knight
AWACS Sky Keeper
HulkSMASH
Poncho Villa
crosseazain
catchitin
0
0
Comments
sign in to comment!
No comments posted yet!